 Dungeon Crawl Stone Soup version 0.25.1-2-g60ff931df9 (webtiles) character file.

Game seed: 3218657519255917663

81 Divind the Chopper (level 4, 0/54 HPs)
             Began as a Hill Orc Monk on Sept 18, 2020.
             Slain by an ooze (2 damage)
             ... on level 2 of the Dungeon.
             The game lasted 00:08:53 (2450 turns).

Divind the Chopper (Hill Orc Monk)                  Turns: 2450, Time: 00:08:53

Health: 0/54       AC:  4    Str: 14    XL:     4   Next: 42%
Magic:  4/4        EV:  7    Int: 10    God:
Gold:   55         SH:  0    Dex: 13    Spells: 3/3 levels left

rFire    . . .     SeeInvis .   a - +0 hand axe
rCold    . . .     Gourm    .   (no shield)
rNeg     . . .     Faith    .   k - +0 chain mail
rPois    .         Spirit   .   (no helmet)
rElec    .         Reflect  .   (no cloak)
rCorr    .         Harm     .   (no gloves)
MR       +....                  (no boots)
Stlth    ..........             o - amulet of magic regeneration
HPRegen  0.18/turn              (no ring)
MPRegen  0.34/turn              (no ring)

@: berserking, very quick
A: camouflage 1, deformed body, frail 1, magic resistance 1
a: no special abilities


You were on level 2 of the Dungeon.
You were not hungry.

You visited 1 branch of the dungeon, and saw 3 of its levels.

You collected 55 gold pieces.

Inventory:

Hand Weapons
 a - a +0 hand axe (weapon)
Armour
 b - a +0 robe
 f - a +0 ring mail
 k - a +0 chain mail (worn)
Jewellery
 o - an amulet of magic regeneration (around neck)
Scrolls
 d - a scroll of enchant armour {unknown}
 e - a scroll of enchant weapon {unknown}
 g - 2 scrolls of teleportation {unknown}
 n - a scroll of noise {unknown}
 p - a scroll of remove curse {unknown}
Potions
 i - a potion of cancellation {unknown}
 j - a potion of haste {unknown}
 l - a potion of berserk rage
 m - a potion of degeneration {unknown}
Comestibles
 c - 5 rations


   Skills:
 + Level 4.3 Fighting
 + Level 5.5 Axes
 + Level 1.1 Armour
 + Level 2.7 Dodging
 - Level 1.5 Stealth


You had 3 spell levels left.
You didn't know any spells.
Your spell library was empty.

Dungeon Overview and Level Annotations

Branches:
Dungeon (3/15)

Altars:
Sif Muna


Innate Abilities, Weirdness & Mutations

Your skin changes colour to match your surroundings (Stealth+).
Armour fits poorly on your strangely shaped body.
You are frail. (-10% HP)
You are resistant to hostile enchantments. (MR+)


Message History

The orc priest mumbles some strange prayers to Beogh against you.
Beogh smites you!
* * * LOW HITPOINT WARNING * * *
The kobold hits you with a cursed -2 short sword.
* * * LOW HITPOINT WARNING * * *
The ooze hits you.
* * * LOW HITPOINT WARNING * * *
The adder hisses angrily.
The orc barely misses you.
The kobold hits you with a cursed -2 short sword.
* * * LOW HITPOINT WARNING * * *
The ooze closely misses you.
You climb upwards.
There is a stone staircase leading down, spattered with blood here.
Sorry, you're not good enough to have a special ability.
It was a potion of berserk rage.
A red film seems to cover your vision as you go berserk!
You feel yourself moving faster!
You feel mighty! The kobold closely misses you. The orc barely misses you.
The ooze hits you.
You die...

.#.#....##.# #.# #####.#
##÷###..##.# #.# #.....#
...÷.#...#.# ##'## ##.##..#
.###.###...# ##...####...##.# .#
#...#.#.# ##.....##.....###
.###.###.#.# ##......#.......###
.)...#.....###..........._.....#
##.###.......'.).....#.......#.#
.#.#.......###.o@J...##.....####
.###...#.#.# ##.K.....##...###
...........# ##.....####.##.#
####..###### ####...### #.##.#
##.# #........# #.##.## #.#
#.###.##.# #.....## #.# #.#
#.##.# ###....# #.#
#####.###.##.# #....# #.#
#............# ####.#


You could see an ooze, an orc and a kobold.

Vanquished Creatures
  3 adders (D:2)
  An ooze (D:2)
  A worm (D:2)
  A dart slug (D:1)
  A leopard gecko (D:2)
  3 orcs
  2 bats (D:1)
  2 giant cockroaches
  3 goblins
  2 hobgoblins (D:1)
  2 jackals (D:2)
  7 kobolds
  2 quokkas (D:2)
  3 frilled lizards
  8 rats
41 creatures vanquished.

Notes
Turn   | Place    | Note
-------+----------+-------------------------------------------
     0 | D:1      | Divind the Hill Orc Monk began the quest for the Orb.
     0 | D:1      | Reached XP level 1. HP: 19/19 MP: 1/1
   427 | D:1      | Reached XP level 2. HP: 27/27 MP: 2/2
   983 | D:2      | Reached XP level 3. HP: 31/33 MP: 3/3
  1139 | D:2      | Reached skill level 5 in Axes
  1400 | D:2      | Gained mutation: You are weak. (Str -2) [potion of
                  | mutation]
  1400 | D:2      | Gained mutation: You have an increased reservoir of magic.
                  | (+10% MP) [potion of mutation]
  1408 | D:2      | Lost mutation: You are weak. (Str -2) [potion of mutation]
  1408 | D:2      | Lost mutation: You have an increased reservoir of magic.
                  | (+10% MP) [potion of mutation]
  1408 | D:2      | Gained mutation: You are somewhat resistant to further
                  | mutation. [potion of mutation]
  1409 | D:2      | Lost mutation: You are somewhat resistant to further
                  | mutation. [potion of mutation]
  1409 | D:2      | Gained mutation: You are frail. (-10% HP) [potion of
                  | mutation]
  1409 | D:2      | Gained mutation: You are resistant to hostile enchantments.
                  | (MR+) [potion of mutation]
  1409 | D:2      | Gained mutation: Armour fits poorly on your strangely
                  | shaped body. [potion of mutation]
  1409 | D:2      | Gained mutation: Your skin changes colour to match your
                  | surroundings (Stealth+). [potion of mutation]
  1620 | D:2      | Reached skill level 1 in Armour
  1735 | D:2      | Reached XP level 4. HP: 36/36 MP: 4/4
  1865 | D:2      | Found a shimmering blue altar of Sif Muna.
  2448 | D:3      | HP: 1/36 [kobold/cursed -2 short sword (2)]
  2450 | D:2      | Slain by an ooze

Illustrated notes

Levels and vault maps discovered:
D:1:      saegor_arrival_simple_a, layout_basic, serial_forest,
          infiniplex_forest_clump_long, infiniplex_forest_lined_room_3,
          infiniplex_forest_split, infiniplex_forest_straight_2,
          infiniplex_forest_zigzag_1, infiniplex_forest_clump_small,
          infiniplex_forest_corner_1, infiniplex_forest_end_2
D:2:      layout_loops_corners, lemuel_round_altar, minmay_quantized
D:3:      layout_rooms, nicolae_ru_path_of_blood

Skill      XL: |  1  2  3 |
---------------+----------+-----
Fighting       | 4 |  4.3
Axes           | 5 |  5.5
Armour         | 1 |  1.1
Dodging        | |  2.7
Stealth        | |  1.5

Action                   |  1- 3 |  4- 6 || total
-------------------------+-------+-------++-------
Melee: Hand axe          |   135 |    48 ||   183
  Use: Potion            |     3 |     1 ||     4
 Stab: Sleeping          |     2 |       ||     2
  Eat: Chunk             |     3 |     2 ||     5
Armor: Ring mail         |    10 |       ||    10
       Robe              |     2 |       ||     2
       Chain mail        |    62 |    24 ||    86
Dodge: Dodged            |    43 |    17 ||    60
